 Dungeon Crawl Stone Soup version 0.30-a0-949-g53dc5368d7 (webtiles) character file.

Game seed: 10701143613053823981

879 Newt the Skirmisher (level 8, -6/49 HPs)
             Began as a Kobold Hunter on Mar 27, 2023.
             Mangled by Pikel
             ... wielding a +2 whip of electrocution
              (16 damage)
             ... on level 5 of the Dungeon.
             The game lasted 00:05:03 (4909 turns).

Newt the Skirmisher (Kobold Hunter)                 Turns: 4909, Time: 00:05:04

Health: -6/49      AC:  4    Str:  8    XL:     8   Next: 25%
Magic:  8/8        EV: 17    Int: 11    God:
Gold:   153        SH:  0    Dex: 20    Spells: 7/7 levels left

rFire   . . .      SeeInvis .    a - +0 shortbow
rCold   . . .      Faith    .    (shield currently unavailable)
rNeg    . . .      Spirit   .    c - +0 leather armour
rPois   .          Reflect  .    e - +0 helmet
rElec   .          Rampage  .    (no cloak)
rCorr   .                        (no gloves)
Will    +....                    (no boots)
Stlth   +++                      (no amulet)
HPRegen 0.28/turn                d - ring of willpower
MPRegen 0.11/turn                (no ring)

@: invisible
A: small, no large weapons, nightstalker 3
a: no special abilities


You were on level 5 of the Dungeon.
You visited 1 branch of the dungeon, and saw 5 of its levels.

You collected 201 gold pieces.
You spent 48 gold pieces at shops.

Inventory:

Hand Weapons
 a - a +0 shortbow (weapon)
Armour
 c - a +0 leather armour (worn)
 e - a +0 helmet (worn)
Jewellery
 d - a ring of willpower (left hand)
 h - an amulet of faith
Wands
 q - a wand of flame (17)
Scrolls
 b - 3 scrolls of identify
 i - 2 scrolls of teleportation
 j - a scroll of fear
 k - 2 scrolls of silence
 l - 2 scrolls of amnesia
 m - 2 scrolls of blinking
Potions
 f - 2 potions of mutation {unknown}
 n - a potion of haste
 o - a potion of cancellation {unknown}


   Skills:
 - Level 5.0 Fighting
 - Level 10.0 Ranged Weapons
 + Level 5.8 Dodging
 - Level 1.3 Stealth


You had 7 spell levels left.
You didn't know any spells.
Your spell library contained the following spells:

 Spells                   Type           Power      Damage    Failure   Level
 Sublimation of Blood     Necr           0%         N/A       61%         2
 Petrify                  Tmut/Erth      0%         N/A       99%         4
 Irradiate                Conj/Tmut      0%         3d11      100%        5


Dungeon Overview and Level Annotations

Branches:
Dungeon (5/15)
 Temple: D:4-7

Altars:
Trog
Uskayaw

Shops:
D:1 ?   D:3 =

Annotations:
D:5 Pikel


Innate Abilities, Weirdness & Mutations

You are small and have problems with some larger weapons.
You are completely attuned to the shadows.


Message History

An iguana comes into view.
The lemure hits you.
You shoot an arrow. The iguana hisses angrily.
The arrow hits the lemure!
You kill the lemure!
That felt strangely unrewarding.
A lemure comes into view.
Unknown command.
A lemure comes into view.
Pikel attacks as you move away!
Pikel hits you with a +2 whip of electrocution!
Pikel attacks as you move away!
Pikel hits you with a +2 whip of electrocution!
Pikel attacks as you move away!
Pikel hits you with a +2 whip of electrocution.
Pikel says, "You'll rot in Tartarus!"
Pikel attacks as you move away!
Pikel hits you with a +2 whip of electrocution!
There is a stone staircase leading up here.
Pikel attacks as you move away!
Pikel hits you with a +2 whip of electrocution.
* * * LOW HITPOINT WARNING * * *
You shoot an arrow. The arrow closely misses Pikel.
Pikel completely misses you.
Okay, then.
You fade into invisibility!
Pikel says, "Asmodeus and me are pals.
He gave me this whip."
Pikel hits you with a +2 whip of electrocution.
* * * LOW HITPOINT WARNING * * *
You shoot an arrow. The arrow hits Pikel.
Pikel is lightly wounded.
Pikel misses you.
You shoot an arrow. The arrow barely misses Pikel.
The arrow hits the lemure.
The lemure is lightly wounded.
You hear an angry hiss.
Pikel hits you with a +2 whip of electrocution.
* * * LOW HITPOINT WARNING * * *
You are electrocuted!
You die...

#..# #.#
####..# ##.##
#.....# . ...
......#.. #.#
#l.... #@#
##5##..
#K######...##
#55..##5....#
#....#.......#
##......._....
#...#.....^.#
#...##.!...#
###.###...#
#.# #.


You could see Pikel (unable to see you) and 2 lemures.

Vanquished Creatures
  The ghost of GigaChad the Covered, an amateur FoFi of Gozag (D:4)
  A black bear (D:4)
  An ogre (D:4)
  A lemure (D:5)
  A bullfrog (D:4)
  A scorpion (D:4)
  A hound (D:4)
  2 orc priests
  An iguana (D:4)
  2 orc wizards
  Robin (D:2)
  7 adders
  5 gnolls
  An ufetubus (D:3)
  A worm (D:3)
  A dart slug (D:1)
  6 orcs
  7 endoplasms
  4 giant cockroaches
  13 goblins
  11 hobgoblins
  13 kobolds
  3 quokkas
  4 ball pythons
  8 bats
  6 frilled lizards
  3 rats
106 creatures vanquished.

Vanquished Creatures (others)
  11 plants (D:4)
11 creatures vanquished.

Grand Total: 117 creatures vanquished

Notes
Turn   | Place    | Note
-------+----------+-------------------------------------------
     0 | D:1      | Newt the Kobold Hunter began the quest for the Orb.
     0 | D:1      | Reached XP level 1. HP: 12/12 MP: 1/1
   107 | D:1      | Reached XP level 2. HP: 18/18 MP: 2/2
   354 | D:1      | Reached XP level 3. HP: 23/23 MP: 3/3
   580 | D:1      | Found Kashiy's Magic Scroll Shop.
   586 | D:1      | Bought a scroll of identify for 24 gold pieces
   972 | D:1      | Bought a scroll of identify for 24 gold pieces
  1046 | D:2      | Noticed Robin
  1373 | D:2      | Killed Robin
  1374 | D:2      | Reached XP level 4. HP: 27/30 MP: 4/4
  1504 | D:2      | Noticed a shining eye
  1509 | D:2      | Found a faded altar of an unknown god.
  1509 | D:2      | Noticed a great orb of eyes
  1513 | D:2      | Noticed an eye of devastation
  1513 | D:2      | Noticed a shining eye
  1712 | D:2      | Reached skill level 5 in Fighting
  1718 | D:2      | Reached XP level 5. HP: 12/35 MP: 5/5
  2112 | D:2      | Reached skill level 6 in Ranged Weapons
  2763 | D:3      | HP: 1/35 [poisoned by a kobold]
  2793 | D:3      | Reached skill level 7 in Ranged Weapons
  2793 | D:3      | Reached XP level 6. HP: 12/40 MP: 6/6
  3112 | D:3      | Found Sauqoec's Jewellery Boutique.
  3298 | D:3      | Found a bloodstained altar of Trog.
  3654 | D:4      | Noticed an ogre
  3675 | D:4      | Reached skill level 8 in Ranged Weapons
  3679 | D:4      | Killed an ogre
  3680 | D:4      | Reached XP level 7. HP: 44/44 MP: 7/7
  3719 | D:4      | Found a runed translucent door.
  3983 | D:4      | Reached skill level 9 in Ranged Weapons
  4386 | D:4      | Noticed GigaChad's ghost (amateur FoFi)
  4450 | D:4      | Reached skill level 10 in Ranged Weapons
  4768 | D:4      | Killed GigaChad's ghost
  4769 | D:4      | Reached skill level 5 in Dodging
  4769 | D:4      | Reached XP level 8. HP: 31/49 MP: 8/8
  4875 | D:5      | Entered Level 5 of the Dungeon
  4882 | D:5      | Found a hide-covered altar of Uskayaw.
  4894 | D:5      | Noticed Pikel
  4909 | D:5      | Mangled by Pikel

Illustrated notes

Levels and vault maps discovered:
D:1:      eino_arrival_druids_welcome, layout_loops_ring, serial_shops,
          nicolae_shop_waterfront, minmay_bisected
D:2:      layout_basic, hellmonk_ecumenical_altar_watching_god, uniq_robin
D:3:      layout_rooms, mainiacjoe_overflow_24_doors, serial_shops, shop,
          st_stairs_2
D:4:      layout_loops_corners, ebering_ghost_sewer_d, serial_bayou,
          serial_bayou_shore_b, serial_bayou_lagoon_b, serial_bayou_shore_b,
          serial_bayou_shore_a, minmay_surrounded
D:5:      layout_loops_ring, mainiacjoe_overflow_surrounded_room,
          lemuel_round_altar, uniq_pikel

Skill      XL: |  1  2  3  4  5  6  7 |
---------------+----------------------+-----
Fighting       | 3 4 5 |  5.0
Ranged Weapons | 7 8 10 | 10.0
Dodging        | 5 |  5.8
Stealth        | |  1.3

Action                     |  1- 3 |  4- 6 |  7- 9 || total
---------------------------+-------+-------+-------++-------
   Fire: Shortbow          |    69 |   156 |    73 ||   298
    Use: Scroll            |     7 |     4 |     1 ||    12
         Potion            |     1 |     7 |     2 ||    10
 Armour: Leather armour    |     7 |     7 |     3 ||    17
         Skin              |       |    22 |       ||    22
  Dodge: Dodged            |    38 |    45 |    29 ||   112

Table legend: (Time is in decaauts)
 A = Elapsed time spent in this place.
 B = Non-inter-level travel time spent in this place.
 C = Inter-level travel time spent in this place.
 D = Time resting spent in this place.
 E = Time spent auto-exploring this place.
 F = Levels seen in this place.
 G = Mean time per level.
                   A        B        C        D        E       F      G
               +--------+--------+--------+--------+--------+-----+--------+
         Total |   4998 |   4736 |    262 |    933 |   3216 |   5 |  999.6 |
       Dungeon |   4998 |   4736 |    262 |    933 |   3216 |   5 |  999.6 |
               +--------+--------+--------+--------+--------+-----+--------+

Top non-repeatable levels by time:
     D:2: 1385 daAuts
     D:4: 1366 daAuts
     D:1: 1347 daAuts
     D:3: 864 daAuts
     D:5: 34 daAuts
